Map: Temple gelé

Players

Dalixam

  • Race: Terran Terran
  • League: Silver

pupu - Winner!

  • Race: Protoss Protoss
  • League: Silver

VOD

Have the link to the VOD?

Description

Time

  • Played on: April 9, 2016, 5:12 a.m.
  • Length: 13:19
Show
View Real Time Build Order
Export as new Build Order

Dalixam Terran 

Build Orders:  

Get SALT Encoding   

  12  0:01  SCV  
  13  0:13  SCV  
  14  0:24  Supply Depot  
  14  0:27  SCV  
  15  0:45  SCV  
  15  0:48  Barracks  
  16  0:57  SCV  
  17  1:22  Command Center  
  17  1:24  Refinery  
  17  1:27  Refinery, SCV  
  18  1:38  Marine  
  18  1:39  SCV  
  20  1:51  SCV  
  21  1:56  Marine  
  22  2:19  Bunker  
  22  2:21  Barracks Reactor  
  22  2:28  Factory  
  22  2:32  Engineering Bay  
  22  2:34  SCV  
  23  2:37  Supply Depot  
  23  2:39  SCV  
  24  2:52  SCV  
  25  3:02  Missile Turret  
  25  3:04  SCV  
  26  3:10  Marine  
  27  3:13  Missile Turret  
  27  3:14  Factory Tech Lab  
  28  3:20  SCV  
  28  3:22  SCV  
  29  3:28  Marine  
  29  3:32  Marine, SCV  
  32  3:44  SCV  
  32  3:47  Starport  
  34  3:48  SCV  
  34  3:56  SCV  
  34  4:00  Siege Tank  
  38  4:08  Liberator, SCV  
  38  4:09  SCV  
  40  4:14  Marine x2  
  42  4:21  SCV  
  43  4:25  Missile Turret  
  46  4:48  Supply Depot  
  46  4:56  Orbital Command  
  46  5:00  Orbital Command  
  46  5:10  Marine x2  
  46  5:13  Bunker  
  47  5:25  Barracks  
  47  5:27  Barracks  
  47  5:28  Marine x2  
  49  5:30  Starport Reactor  
  49  5:32  Missile Turret  
  49  5:43  Siege Tank  
  49  5:45  Marine x2  
  54  5:54  Supply Depot  
  54  5:55  Missile Turret  
  54  6:04  SCV  
  54  6:06  Marine, SCV  
  54  6:12  Marine  
  54  6:17  SCV  
  54  6:18  SCV  
  47  6:37  Barracks Reactor  
  47  6:41  Barracks Tech Lab  
  47  6:45  Supply Depot  
  47  6:46  Marine  
  47  6:47  Marine  
  43  7:00  Command Center  
  39  7:03  Marine  
  39  7:05  Marine  
  41  7:08  Supply Depot  
  41  7:10  Supply Depot  
  41  7:13  Marauder  
  43  7:21  Marine  
  44  7:31  Siege Tank  
  44  7:35  Marauder, Medivac  
  51  7:56  Marauder, Marine x4  
  57  8:09  Medivac x2  
  61  8:16  Supply Depot  
  61  8:17  Marauder  
  63  8:23  Siege Tank  
  63  8:26  Planetary Fortress  
  66  8:39  Marauder, SCV  
  69  8:44  Liberator  
  69  8:51  SCV  
  70  8:56  Marine x2  
  70  9:00  Marauder  
  77  9:03  SCV  
  77  9:09  Missile Turret  
  78  9:12  SCV  
  78  9:15  SCV  
  80  9:21  Marauder  
  82  9:31  Terran Infantry Weapons Level 1  
  82  9:47  Marine  
  82  9:48  Marine x2  
  82  9:49  Marine  
  82  9:51  Stimpack  
  85  9:56  Liberator  
  87  10:17  SCV  
  87  10:26  Missile Turret  
  87  10:29  SCV  
  88  10:41  SCV  
  89  10:54  Marauder, SCV  
  89  11:10  SCV  
  90  11:11  SCV  
  90  11:16  Marauder  
  93  11:20  Armory  
  93  11:22  SCV  
  66  11:37  Marauder  
  52  11:52  Combat Shields  
  42  11:59  Marauder  
  42  12:05  Marine x2  
  42  12:06  Marine  
  42  12:07  Marine  
  39  12:20  Marauder  
  33  12:41  Marauder  
  35  12:48  Orbital Command  
Show
View Real Time Build Order
Export as new Build Order

pupu Protoss - Winner!

Build Orders: 1 Gate Expand 

Get SALT Encoding   

  12  0:01  Probe (Chrono Boost)  
  13  0:11  Probe (Chrono Boost)  
  14  0:20  Pylon  
  14  0:22  Probe (Chrono Boost)  
  15  0:38  Probe (Chrono Boost)  
  15  0:40  Gateway  
  16  0:49  Probe (Chrono Boost)  
  17  0:59  Probe (Chrono Boost)  
  18  1:16  Nexus  
  18  1:23  Assimilator  
  18  1:32  Cybernetics Core  
  18  1:35  Probe (Chrono Boost)  
  19  1:41  Assimilator  
  19  1:46  Probe (Chrono Boost)  
  20  1:57  Probe (Chrono Boost)  
  20  1:58  Pylon  
  21  2:07  Probe (Chrono Boost)  
  22  2:11  Warp Gate (Chrono Boost)  
  22  2:18  Probe  
  23  2:26  Probe  
  23  2:27  Robotics Facility  
  24  2:37  Probe  
  25  2:42  Pylon  
  25  2:45  Stalker  
  25  2:46  Probe  
  28  2:56  Probe  
  29  3:09  Gateway  
  29  3:11  Gateway  
  29  3:12  Probe  
  30  3:14  Probe  
  31  3:29  Immortal  
  31  3:31  Probe  
  31  3:33  Probe  
  37  3:43  Probe  
  37  3:45  Mothership Core  
  40  3:49  Pylon  
  40  4:02  Probe, Gateway  
  41  4:08  Probe, Immortal (Chrono Boost)  
  45  4:15  Probe  
  47  4:19  Probe  
  48  4:26  Gateway  
  48  4:27  Probe  
  48  4:29  Probe  
  50  4:34  Pylon  
  50  4:39  Probe  
  50  4:41  Probe  
  52  4:47  Warp Prism (Chrono Boost)  
  52  4:50  Zealot x2  
  58  4:54  Zealot  
  58  4:59  Probe x2  
  62  5:08  Pylon  
  62  5:10  Pylon  
  62  5:11  Probe x2  
  64  5:19  Zealot x2  
  64  5:20  Zealot  
  70  5:39  Zealot x3  
  70  5:40  Zealot x2  
  80  5:47  Immortal (Chrono Boost)  
  82  6:18  Stalker x5  
  54  7:00  Immortal (Chrono Boost)  
  54  7:01  Zealot x3  
  54  7:02  Zealot x2  
  54  7:06  Probe x2  
  66  7:11  Assimilator  
  66  7:13  Assimilator  
  66  7:16  Pylon  
  66  7:18  Probe x2  
  66  7:19  Pylon  
  68  7:23  Pylon  
  68  7:25  Pylon  
  68  7:30  Twilight Council, Probe  
  69  7:46  Probe x2  
  69  7:50  Nexus  
  71  7:52  Zealot x4  
  75  8:45  Immortal (Chrono Boost)  
  75  8:46  Probe x2  
  71  8:50  Zealot x3  
  71  8:51  Zealot x2  
  81  8:58  Probe  
  81  8:59  Charge (Chrono Boost)  
  82  9:04  Gateway  
  82  9:06  Gateway  
  82  9:07  Probe  
  82  9:08  Probe, Gateway  
  84  9:10  Probe  
  84  9:12  Gateway  
  85  9:17  Immortal  
  85  9:18  Probe  
  85  9:19  Probe  
  91  9:27  Assimilator  
  91  9:29  Zealot x4  
  99  9:38  Sentry  
  101  9:41  Probe  
  101  9:42  Probe x2  
  104  9:56  Probe  
  104  9:57  Probe x2  
  107  10:05  Stalker x5  
  107  10:06  Stalker x3  
  123  10:24  Immortal  
  123  10:30  Zealot  
  123  10:31  Zealot x2  
  127  10:45  Stalker x2  
  127  10:46  Stalker  
  131  10:57  Zealot  
  133  11:06  Pylon  
  133  11:07  Pylon  
  133  11:08  Pylon  
  133  11:10  Pylon  
  133  11:11  Pylon  
  133  11:13  Pylon  
  89  11:48  Immortal  
  89  11:49  Zealot x6  
  89  11:50  Zealot x3  
  77  12:29  Stalker x6  
  89  12:30  Stalker  
  89  12:31  Zealot x2  
  93  12:42  Probe  
  93  12:43  Probe x2  
  92  12:50  Gateway  
  92  12:52  Gateway  
  92  12:55  Probe x2  
  92  12:56  Gateway  
  92  12:57  Probe  
  95  13:00  Zealot x6  
  95  13:01  Zealot x3  
  95  13:02  Gateway  
  95  13:03  Gateway  
  117  13:07  Probe  
Tags
 
Add a new tag
Caveats
  • Supply blocks, unpowered buildings, or Contaminate may cause inaccurate times.
  • Supply counts are checked every 10 seconds.